 Dungeon Crawl Stone Soup version 0.28-a0-536-g4f1c8046e5 (webtiles) character file.

Game seed: 17031445256068898901

141663 nightshift3 the Tortoise (level 16, -45/92 HPs)
             Began as a Demonspawn Fighter on Sept 26, 2021.
             Was an Initiate of Gozag.
             Killed from afar by a black draconian annihilator (80 damage)
             ... with a crystal spear
             ... on level 3 of the Abyss on Sept 27, 2021.
             The game lasted 01:03:42 (30355 turns).

nightshift3 the Tortoise (Demonspawn Fighter)      Turns: 30355, Time: 01:03:43

Health: -45/92     AC: 20    Str: 31 (32) XL:     16   Next: 78%
Magic:  21/22      EV: 16    Int: 10      God:    Gozag
Gold:   2744       SH: 13    Dex:  5 (6)  Spells: 6/23 levels left

rFire   x . .      SeeInvis +   i - +7 pair of quick blades "Gyre" and "Gimble" {protect, rare}
rCold   . . .      Faith    .   (shield currently unavailable)
rNeg    . . .      Spirit   .   M - quicksilver dragon scales {rare}
rPois   +          Reflect  +   (no helmet)
rElec   +          Harm     .   R - +2 cloak of True Grit {rF- rCorr Str+6 Slay+5}
rCorr   +          Rampage  .   A - +2 pair of gloves "Siryekkach" {Str+7 Dex-3}
Will    ++...      Rage     9%  (boots unavailable) Stlth +.........Rnd*Tele +
                                I - amulet "Simmucue" {Reflect rPois SH+5}
HPRegen 0.00/turn               E - +4 ring of evasion
MPRegen 0.18/turn               z - ring of Wory {rElec rCorr SInv Stlth+}

@: swift (expiring), gold aura, on berserk cooldown, inhibited regen, badly
diseased, slowed
A: hooves 3, large bone plates 3, powered by death 1, demonic magic 3,
bedeviling, robust 1, [berserk 3], clumsy 1[+1], [deformed body], [deterioration
2], [dopey 2], [frail 3], [screaming 2], [inhibited regeneration], [teleportitis
2], [subdued magic 3]
a: Renounce Religion, Potion Petition, Call Merchant, Bribe Branch


You were on level 3 of the Abyss.
You worshipped Gozag.
Gozag was most pleased with you.
You visited 5 branches of the dungeon, and saw 26 of its levels.
You visited the Abyss 1 time.
You visited 1 bazaar.
You also visited: Trove and Gauntlet.

You collected 9454 gold pieces.
You spent 3669 gold pieces at shops.
You paid 3041 gold pieces to Gozag.


Innate Abilities, Weirdness & Mutations

You have hooves in place of feet.
You are completely covered in large bone plates. (SH +8)
You regenerate a little health from kills.
Spells you cast and wands you use may paralyse nearby enemies.
Your hexes are more powerful.
You are robust. (+10% HP)
[You have an uncontrollable temper.]
[You are very clumsy. (Dex -4)]
[Armour fits poorly on your strangely shaped body.]
[Your body often deteriorates upon taking damage.]
[You are very dopey. (Int -4)]
[You are extremely frail. (-30% HP)]
[You frequently scream uncontrollably at your foes.]
[You do not regenerate when monsters are visible.]
[You are sometimes teleported next to monsters.]
[Your spells are much easier to cast, but much less powerful.]


   Skills:
 - Level 7.0 Fighting
 - Level 14.6 Short Blades
 - Level 1.7(9.6) Long Blades
 + Level 19.1 Armour
 - Level 8.0 Dodging
 - Level 4.0 Shields
 - Level 4.0 Spellcasting
 - Level 7.0 Summonings
 - Level 2.2 Transmutations
 - Level 7.4 Air Magic
 - Level 4.0 Evocations


You had 6 spell levels left.
You knew the following spells:

 Your Spells              Type           Power      Damage    Failure   Level
a - Animate Armour        Summ/Erth      8%         N/A       45%         4
f - Storm Form            Tmut/Air       3%         N/A       100%        7
i - Ignite Poison         Fire/Tmut/Pois 1%         N/A       43%         3
s - Swiftness             Air            8%         N/A       1%          3

Your spell library contained the following spells:

 Spells                   Type           Power      Damage    Failure   Level
 Summon Small Mammal      Summ           32%        N/A       1%          1
 Call Imp                 Summ           8%         N/A       1%          2
 Corpse Rot               Necr/Air       N/A        N/A       5%          2
 Poisonous Vapours        Pois/Air       8%         N/A       5%          2
 Static Discharge         Conj/Air       4%         N/A       5%          2
 Beastly Appendage        Tmut           6%         N/A       6%          1
 Airstrike                Air            4%         N/A       8%          4
 Summon Lightning Spire   Summ/Air       8%         N/A       9%          4
 Wereblood                Tmut           3%         N/A       11%         2
 Sting                    Tmut/Pois      8%         1d3       12%         1
 Animate Skeleton         Necr           2%         N/A       19%         1
 Apportation              Tloc           2%         N/A       19%         1
 Pain                     Necr           4%         1d4       19%         1
 Scorch                   Fire           2%         2d5       30%         2
 Slow                     Hex            1%         N/A       30%         2
 Sublimation of Blood     Necr           0%         N/A       30%         2
 Spider Form              Tmut/Pois      1%         N/A       38%         3
 Confusing Touch          Hex            1%         N/A       54%         3
 Conjure Flame            Conj/Fire      1%         6-21      54%         3
 Gell's Gravitas          Tloc           0%         N/A       54%         3
 Tukima's Dance           Hex            1%         N/A       54%         3
 Vampiric Draining        Necr           0%         2d6       54%         3
 Lightning Bolt           Conj/Air       2%         1d13      80%         5
 Summon Forest            Summ/Tloc      2%         N/A       83%         5
 Cause Fear               Hex            0%         N/A       93%         4
 Dispel Undead            Necr           1%         3d6       93%         4
 Hailstorm                Conj/Ice       1%         3d3       93%         4
 Olgreb's Toxic Radiance  Pois           1%         N/A       93%         4
 Passage of Golubria      Tloc           N/A        N/A       93%         4
 Sticky Flame             Conj/Fire      1%         2d3       93%         4
 Freezing Cloud           Conj/Ice/Air   1%         6-21      94%         5
 Yara's Violent Unravell  Hex/Tmut       1%         3d3       99%         5
 Lee's Rapid Deconstruct  Erth           0%         3d5*      100%        5
 Death Channel            Necr           0%         N/A       100%        6
 Eringya's Noxious Bog    Tmut/Pois      1%         N/A       100%        6
 Starburst                Conj/Fire      0%         6d3       100%        6
 Dragon Form              Tmut           1%         N/A       100%        7
 Malign Gateway           Summ/Tloc      2%         N/A       100%        7
 Summon Hydra             Summ           4%         N/A       100%        7
 Maxwell's Capacitive Co  Air            4%         ∞         100%        8
 Summon Horrible Things   Summ           4%         N/A       100%        8
 Chain Lightning          Conj/Air       2%         3d2       100%        9
 Dragon's Call            Summ           4%         N/A       100%        9

Inventory:

Hand Weapons
 i - the +7 pair of quick blades "Gyre" and "Gimble" (weapon) {protect, rare}
   (You acquired it on level 5 of the Dungeon)

   It grants its wielder temporary protection when it strikes (+7 to AC).
 O - the +4 trident of Trog's Brutal Revenge {vorpal, Stlth+}
   (You found it on level 6 of the Lair of Beasts)

   It inflicts extra damage upon your enemies.
   Stlth:     It makes you more stealthy.
Missiles
 b - 192 bolts
 h - 598 arrows
 w - 4 curare-tipped darts (quivered) {=f}
 x - 31 stones
 T - 10 atropa-tipped darts
Armour
 q - a +0 buckler
   (You found it on level 2 of the Elven Halls)
 A - the +2 pair of gloves "Siryekkach" (worn) {Str+7 Dex-3}
   (You bought it in a shop on level 10 of the Dungeon)

   Str:       It affects your strength (+7).
   Dex:       It affects your dexterity (-3).
 D - a +0 tower shield
   (You took it off Louise on level 2 of the Elven Halls)
 J - a +2 cloak of preservation
   (You bought it in a shop on level 10 of the Dungeon)
 M - quicksilver dragon scales (worn) {rare}
   (You bought it in a shop on level 10 of the Dungeon)
 R - the +2 cloak of True Grit (worn) {rF- rCorr Str+6 Slay+5}
   (You bought it in a shop on level 2 of the Orcish Mines)

   Str:       It affects your strength (+6).
   Slay:      It affects your accuracy & damage with ranged weapons and melee
   (+5).
   rF:        It makes you vulnerable to fire.
   rCorr:     It protects you from acid and corrosion.
Magical Staves
 c - a staff of air {!a}
   (You found it on level 5 of the Lair of Beasts)
 X - a staff of earth {!a}
   (You found it on level 1 of the Elven Halls)
Jewellery
 z - the ring of Wory (right hand) {rElec rCorr SInv Stlth+}
   (You acquired it on level 7 of the Dungeon)

   [ring of resist corrosion]

   rElec:     It insulates you from electricity.
   SInv:      It lets you see invisible.
   rCorr:     It protects you from acid and corrosion.
   Stlth:     It makes you more stealthy.
 E - a +4 ring of evasion (left hand)
   (You found it on level 3 of the Dungeon)
 F - a ring of fire
   (You found it on level 2 of the Elven Halls)
 I - the amulet "Simmucue" (around neck) {Reflect rPois SH+5}
   (You took it off an orc on level 8 of the Dungeon)

   [amulet of reflection]

   It reflects blocked missile attacks.
   rPois:     It protects you from poison.
   SH:        It affects your SH (+5).
 W - a ring of magical power
   (You found it on level 2 of the Elven Halls)
Wands
 m - a wand of iceblast (72)
   (You found it on level 3 of the Dungeon)
 p - a wand of flame (64)
   (You found it on level 4 of the Dungeon)
 r - a wand of paralysis (10)
   (You found it on level 5 of the Lair of Beasts)
 y - a wand of digging (2)
   (You took it off Sonja on level 5 of the Lair of Beasts)
 C - a wand of acid (10)
   (You took it off a deep elf pyromancer on level 2 of the Elven Halls)
 U - a wand of charming (26)
   (You found it in a Gauntlet)
 Y - a wand of polymorph (14)
   (You found it on level 1 of the Elven Halls)
Scrolls
 a - 12 scrolls of teleportation {@r4}
 e - 2 scrolls of holy word {unknown}
 f - 3 scrolls of fog
 j - 15 scrolls of identify {@r1}
 n - a scroll of magic mapping {!r}
 t - 9 scrolls of enchant armour
 v - a scroll of enchant weapon
 B - a scroll of silence {!r}
 H - 2 scrolls of blinking {!r}
 K - 2 scrolls of fear
 V - 2 scrolls of immolation {!r!r}
Potions
 d - a potion of attraction {!q}
 g - a potion of heal wounds {@q2}
 k - a potion of magic
 l - 11 potions of curing {@q1}
 o - 4 potions of lignification {!q}
 s - 3 potions of resistance
 u - 4 potions of brilliance
 G - 2 potions of haste {@q3}
 L - 9 potions of ambrosia
 N - a potion of cancellation
 P - a potion of flight
 S - a potion of berserk rage {!q}
 Z - 5 potions of invisibility

Dungeon Overview and Level Annotations

Branches:
Dungeon (15/15)            Temple (1/1) D:5            Lair (6/6) D:10
 Shoals (0/4) Lair:2       Spider (0/4) Lair:3        Slime (0/5) Lair:5
    Orc (2/2) D:9             Elf (2/3) Orc:2        Vaults (0/5) D:13
 Depths (0/4) D:15        Gauntlet (visited)

Altars:
Ashenzari
Cheibriados
Dithmenos
Elyvilon
Fedhas
Gozag
Hepliaklqana
Kikubaaqudgha
Makhleb
Nemelex Xobeh
Okawaru
Qazlal
Ru
Sif Muna
Vehumet
Wu Jian
Xom
Yredelemnul
Zin
The Shining One
Beogh

Shops:
D:3 !   D:5 =   D:7 ?   D:9 ??   D:10 ([[   D:13 *   D:15 **[ Orc:2

[=(** .##.. ### .#
#.# .###..#..#
#.##...$ .## #
#..###.#3#..## .#
#....##....## #..#
##....#..#### ....
###.....#..# #
#..#......#.##...#
#...#$@##.#. ..
...#
#..q3$#.4.#...#.#
#>#..#.$#.###..###
#. #...x#..# . #
##...###..## .#.#
.#.. .#.# .## #
... ##.# . #.##
.#. #. #.


You could see a black draconian annihilator, an ancient zyme (unaware) and a
smoke demon.


Message History

You start to feel a little slower. 😮 MP[+1]
You feel sluggish. 😮 MP[+1]
Your mp is fully restored (22).
You block the quasit's attack. The quasit barely misses you.
The quasit claws you but does no damage.
You puncture the quasit!
Your weapon exudes an aura of protection.
Your kick misses the quasit. You barely miss the quasit.
You block the quasit's attack. x2; The quasit completely misses you.
You hit the quasit but do no damage. You closely miss the quasit.
A red film seems to cover your vision as you go berserk!
You feel yourself moving faster!
You feel mighty!
You closely miss the quasit. You impale the quasit!!
You kill the quasit! 😮 HP[+25]
You now have 138 max hp (+46).
You regained 25 hp, and now have 75/138 hp.
You feel a strong urge to attack something.
A freezing wraith comes into view.
The smoke demon gestures at you. Something smites you!
* * * LOW HITPOINT WARNING * * *
😨 HP[-11]
You take 11 damage, and now have 64/138 hp.
You feel your anger nearly subside.
You start to feel a little faster.
The smoke demon gestures at you. Something smites you!
* * * LOW HITPOINT WARNING * * *
😨 HP[-11]
You take 11 damage, and now have 53/138 hp.
You puncture the freezing wraith! Your kick misses the freezing wraith.
You puncture the freezing wraith!
You block the freezing wraith's attack. x2
You impale the freezing wraith!!
You destroy the freezing wraith!
The smoke demon gestures at you. Something smites you!
* * * LOW HITPOINT WARNING * * *
You see here 3 gold pieces. 😨 HP[-8]
You take 8 damage, and now have 45/138 hp.
You feel a strong urge to attack something.
You are no longer berserk.
You are exhausted.
You feel yourself slow down. 😨 HP[-15]
You now have 92 max hp (-46).
You feel ill.
The wretched star pulses with an eldritch light!
Your regeneration stops near monsters.
You no longer feel sluggish.
The wretched star is distracted by your dazzling golden aura.
You feel ill.
A chaos spawn comes into view.
The chaos spawn barks!
A small abomination comes into view.
Casting: Swiftness (safe; 1% risk of failure)
Confirm with . or Enter, or press ? or * to list all spells.
You feel quick. Malevolent energies surge around you.
The chaos spawn gores you but does no damage. 😨 MP[-3]
You lost 3 mp, and now have 19/22 mp.
A tentacled starspawn comes into view.
A tentacle flies out from the starspawn's body!
You feel ill.
A starspawn tentacle comes into view. 😨 MP[+1]
A black draconian annihilator comes into view.
It is wielding a +2 whip of flaming.
You block the small abomination's attack.
Found a gateway leading deeper into the Abyss.
The black draconian annihilator roars!
You feel ill.
The black draconian annihilator breathes lightning at you.
The bolt of lightning hits you!! You resist.
* * * LOW HITPOINT WARNING * * *
Your body deteriorates!
You feel weakened.
The bolt of lightning hits the small abomination!! 😱 HP[-18]
You take 18 damage, and now have 12/92 hp.
You feel much better.
You start to feel a little slower.
You block the small abomination's attack.
The black draconian annihilator breathes lightning at you.
The bolt of lightning misses you.
The bolt of lightning hits the small abomination!!!
The small abomination is destroyed!
The bolt of lightning hits the chaos spawn!!
The chaos spawn dies!
The chaos spawn degenerates into a cloud of primal chaos!
The ancient zyme is distracted by your dazzling golden aura.
You feel ill. 😨 HP[+23]
You regained 23 hp, and now have 35/92 hp.
You feel ill.
The black draconian annihilator casts a spell at you.
The crystal spear hits you!!!!
Ouch! That really hurt!
You die...
Your body crumbles into a pile of gold.

Skill      XL: |  1  2  3  4  5  6  7  8  9 10 11 12 13 14 15 16 |
---------------+-------------------------------------------------+-----
Shields        | 3 4 |  4.0
Spellcasting   | 1 2 4 |  4.0
Transmutations | 2 |  2.2
Summonings     | 3 5 6 7 |  7.0
Armour         | 3 6 8 11 12 13 16 19 | 19.1
Dodging        | 1 3 5 7 8 |  8.0
Short Blades   | 3 7 8 12 14 | 14.6
Fighting       | 5 7 |  7.0
Evocations     | 4 |  4.0
Air Magic      | 2 7 |  7.4
Long Blades    | |  1.7

Action                   |  1- 3 |  4- 6 |  7- 9 | 10-12 | 13-15 | 16-18 || total
-------------------------+-------+-------+-------+-------+-------+-------++-------
Melee: Long sword        |   147 |   163 |    67 |       |       |       ||   377
       Pair of quick bla |       |       |   255 |   646 |  1761 |   301 ||  2963
       Kick              |       |       |    11 |   144 |   629 |   100 ||   884
 Cast: Animate Armour    |       |       |       |       |     2 |     2 ||     4
       Swiftness         |       |       |       |       |     2 |     3 ||     5
Invok: Call Merchant     |       |       |       |     1 |     2 |       ||     3
       Potion Petition   |       |       |       |       |     1 |       ||     1
Evoke: Wand              |       |       |       |    41 |     3 |     1 ||    45
  Use: Scroll            |     4 |     2 |     9 |     6 |    12 |       ||    33
       Potion            |       |     2 |     3 |     4 |     4 |     1 ||    14
 Stab: Invisible         |       |       |     2 |     8 |       |       ||    10
       Distracted        |       |       |       |     3 |     5 |     1 ||     9
       Paralysed         |       |       |       |    18 |     9 |     2 ||    29
       Sleeping          |       |       |       |     1 |     1 |       ||     2
Armor: Scale mail        |    75 |    42 |     5 |       |       |       ||   122
       Ring mail         |       |       |    38 |    71 |    81 |       ||   190
       Quicksilver drago |       |       |       |       |   117 |    55 ||   172
Dodge: Dodged            |    70 |    69 |    88 |   163 |   318 |    71 ||   779
Block: Buckler           |    54 |   152 |    80 |       |       |       ||   286
       Reflection        |       |     2 |     1 |     6 |    15 |     9 ||    33
       Other             |       |       |    66 |   189 |   440 |    87 ||   782

Levels and vault maps discovered:
D:1:      co_arrival_square_in_a_square_in_a_square, layout_basic,
          minmay_tripent
D:2:      layout_loops_ring, minmay_misc_feat_tower, nrook_campfire,
          amcnicky_mini_corridor_feature, minmay_vboxes
D:3:      layout_rooms, serial_shops, shop_coins, minmay_surrounded
D:4:      layout_basic, serial_co_window_serial, co_window_corner_a,
          co_window_cross_1, co_window_paths_b, co_window_paths_b,
          co_window_of_opportunity_a, co_window_unsneaky_path_a,
          co_window_corner_b, co_window_paths_c, co_window_2corner,
          co_window_2corner, co_window_corner_b, co_window_4corner_b,
          co_window_paths_d, glass_columns_c, glass_columns_c,
          uniq_blork_the_orc
D:5:      minmay_bubble_buster, layout_rooms, temple_hall, serial_shops,
          shop_fountains, uniq_menkaure
D:6:      layout_cave_pools, grunt_temple_overflow_diamond
D:7:      layout_loops_corners, serial_shops, shop, kennysheep_cluttered_room
D:8:      layout_basic, mainiacjoe_overflow_tiny_flanked, nzn_ghost_randoct,
          minmay_alternating_orb
D:9:      layout_small_grid, orc_0_dummy, minmay_misc_feat_nine_boxes
D:10:     layout_basic, due_lair_maze_entry_diamond, minivault_16,
          nicolae_wooded_promenade, uniq_psyche, uniq_erica
D:11:     layout_loops_cross
D:12:     cheibrodos_breeding_chamber, layout_basic, enter_trove_5,
          minmay_misc_feat_alley, uniq_maurice, uniq_kirke
D:13:     layout_basic, skrybe_vaults_entry_preservation,
          kennysheep_windowed_goal
D:14:     layout_stronghold
D:15:     hangedman_depths_entry_try_elsewhere_first, layout_gridville,
          serial_bayou_pond_e, serial_shops, bzr_entry_safe,
          nicolae_shop_statue_plus, shop, shop, uniq_josephine
Temple:   hc_temple_tempest_star
Lair:1:   layout_gridlike, nicolae_lair_grove_arrangements
Lair:2:   layout_regular_city, shoals_dummy_entry, serial_bayou_shore_a,
          grunt_megastairs_5, uniq_prince_ribbit2, uniq_harold
Lair:3:   layout_chaotic_city, nicolae_spider_entry_non_spiders,
          infiniplex_staircase_pool_2, grunt_megastairs_2
Lair:4:   layout_cave_pods, gauntlet_entry_generic
Lair:5:   layout_misc_corridors, slime_dummy, uniq_sonja
Lair:6:   gammafunk_lair_ancient_temple, layout_gridlike
Orc:1:    layout_caves, special_room [special_room_bee], uniq_erolcha
Orc:2:    grunt_orc_cross, layout_caves, basic_altar, serial_shops, shop,
          minmay_orc_barracks
Elf:1:    nicolae_elf_arrival_no_cutting_in_line, layout_geoelf_grid,
          basic_altar, kennysheep_underground_church, uniq_asterion
Elf:2:    nicolae_elf_blades_crystal_corner, layout_geoelf_diagonals,
          hex_medium, uniq_louise
Abyss:3:  base: Crypt:2, base: Crypt:2, evilmike_abyss_rune_siren_acolytes,
          nicolae_abyss_rune_left_handed

Notes
Turn   | Place    | Note
-------+----------+-------------------------------------------
     0 | D:1      | nightshift3 the Demonspawn Fighter began the quest for the
                  | Orb.
     0 | D:1      | Reached XP level 1. HP: 18/18 MP: 1/1
     0 | D:1      | magus.rc [v1.11.2]
    30 | D:1      | Reached skill level 3 in Shields
   220 | D:1      | Gained mutation: Spells you cast may paralyse adjacent
                  | enemies. [demonic ancestry]
   220 | D:1      | Reached XP level 2. HP: 23/24 MP: 2/2
   290 | D:1      | You add the spells Conjure Flame, Ignite Poison and Sticky
                  | Flame to your library.
   695 | D:1      | Reached XP level 3. HP: 29/29 MP: 3/3
   919 | D:1      | You pick up a book of Cantrips and begin reading...
   919 | D:1      | You add the spells Animate Skeleton, Summon Small Mammal
                  | and Apportation to your library.
  1129 | D:1      | Reached skill level 4 in Shields
  1359 | D:2      | Reached skill level 1 in Spellcasting
  1476 | D:2      | Gained mutation: You are partially covered in large bone
                  | plates. (SH +4) [demonic ancestry]
  1476 | D:2      | Reached XP level 4. HP: 30/35 MP: 6/6
  1482 | D:2      | Learned a level 3 spell: Ignite Poison
  1557 | D:2      | Reached skill level 2 in Spellcasting
  1819 | D:2      | Reached skill level 1 in Transmutations
  2097 | D:2      | You fall into a shaft and drop 1 floor!
  2313 | D:3      | Found Liux's Distillery.
  2338 | D:3      | Bought a potion of degeneration for 11 gold pieces
  2441 | D:3      | Reached skill level 2 in Transmutations
  2669 | D:3      | Gained mutation: You are mostly covered in large bone
                  | plates. (SH +6) [demonic ancestry]
  2669 | D:3      | Reached XP level 5. HP: 41/41 MP: 8/8
  2846 | D:4      | You add the spells Animate Armour and Lee's Rapid
                  | Deconstruction to your library.
  2846 | D:4      | Got the Catalogue of Clay
  2852 | D:4      | Learned a level 4 spell: Animate Armour
  2902 | D:4      | Noticed an ogre
  2910 | D:4      | Killed an ogre
  2911 | D:4      | Reached skill level 2 in Summonings
  2916 | D:4      | Noticed an ogre
  2920 | D:4      | Killed an ogre
  2921 | D:4      | Reached skill level 3 in Summonings
  2921 | D:4      | Reached XP level 6. HP: 47/47 MP: 9/9
  3049 | D:4      | Noticed Blork the orc
  3057 | D:4      | Killed Blork the orc
  3058 | D:4      | Reached skill level 4 in Summonings
  3433 | D:4      | Reached skill level 5 in Summonings
  3433 | D:4      | Gained mutation: Spells you cast may paralyse nearby
                  | enemies. [demonic ancestry]
  3433 | D:4      | Reached XP level 7. HP: 47/52 MP: 10/10
  3941 | D:5      | Entered Level 5 of the Dungeon
  3990 | D:5      | Reached skill level 3 in Armour
  4005 | D:5      | Reached skill level 1 in Dodging
  4204 | D:5      | Identified a scroll of acquirement
  4204 | D:5      | Acquired the +7 pair of quick blades "Gyre" and "Gimble"
                  | {protect}
  4204 | D:5      | Found the +7 pair of quick blades "Gyre" and "Gimble"
                  | {protect, rare}
  4207 | D:5      | i - the +7 pair of quick blades "Gyre" and "Gimble"
                  | {protect, rare}
  4215 | D:5      | the +7 pair of quick blades "Gyre" and "Gimble" {protect,
                  | rare} hums with potential!
  4215 | D:5      | i - the +7 pair of quick blades "Gyre" and "Gimble"
                  | (weapon) {protect, rare}
  4351 | D:5      | Found Peyrak's Jewellery Shop.
  4368 | D:5      | Reached skill level 1 in Short Blades
  4383 | D:5      | Noticed Menkaure
  4390 | D:5      | Killed Menkaure
  4391 | D:5      | Reached skill level 2 in Short Blades
  4526 | D:5      | Reached skill level 3 in Short Blades
  4535 | D:5      | Reached XP level 8. HP: 58/58 MP: 11/11
  4598 | D:5      | Reached skill level 4 in Short Blades
  4623 | D:5      | Reached skill level 5 in Short Blades
  4741 | D:5      | Found a staircase to the Ecumenical Temple.
  4985 | D:6      | Reached skill level 6 in Short Blades
  5063 | D:6      | Reached skill level 7 in Short Blades
  5086 | D:6      | Gained mutation: You have large cloven feet. [demonic
                  | ancestry]
  5086 | D:6      | Reached XP level 9. HP: 51/63 MP: 12/12
  5441 | D:6      | Found a basalt altar of Yredelemnul.
  5445 | D:6      | Found a hazy altar of Hepliaklqana.
  5449 | D:6      | Found a snail-covered altar of Cheibriados.
  5613 | Temple   | Entered the Ecumenical Temple
  5745 | Temple   | Became a worshipper of Gozag Ym Sagoz the Greedy
  5800 | D:6      | Reached skill level 4 in Armour
  5805 | D:6      | Reached skill level 2 in Dodging
  6291 | D:7      | Reached skill level 6 in Summonings
  6324 | D:7      | Gained mutation: You are weak. (Str -2) [potion of
                  | mutation]
  6324 | D:7      | Gained mutation: You have a pair of small antennae on your
                  | head. [potion of mutation]
  6334 | D:7      | Found Tistrieq's Magic Scroll Shoppe.
  6342 | D:7      | Reached skill level 5 in Armour
  6365 | D:7      | Reached skill level 3 in Dodging
  6528 | D:7      | Acquired the ring of Wory {rElec rCorr SInv Stlth+}
  6636 | D:7      | Reached skill level 6 in Armour
  6825 | D:8      | Found a transporter.
  6891 | D:8      | Gained mutation: You are completely covered in large bone
                  | plates. (SH +8) [demonic ancestry]
  6891 | D:8      | Reached XP level 10. HP: 64/70 MP: 13/13
  6943 | D:8      | Reached skill level 4 in Dodging
  6943 | D:8      | Reached skill level 7 in Summonings
  7053 | D:8      | Identified the +4 war axe of Raus {vorpal, rF+ Str+3}
  7053 | D:8      | Identified the amulet "Simmucue" {Reflect rPois SH+5}
  7112 | D:8      | You add the spells Sting, Poisonous Vapours and Olgreb's
                  | Toxic Radiance to your library.
  7145 | D:8      | Noticed Teewurst's ghost (novice OpBe)
  7145 | D:8      | Noticed a two-headed ogre
  7153 | D:8      | Noticed a tengu warrior
  7162 | D:8      | Found a transporter.
  7258 | D:8      | Reached skill level 7 in Armour
  7308 | D:8      | You pick up a book of Debilitation and begin reading...
  7308 | D:8      | You add the spells Slow, Vampiric Draining and Confusing
                  | Touch to your library.
  7330 | D:8      | Found a burning altar of Makhleb.
  7562 | D:8      | Reached skill level 4 in Fighting
  7759 | D:8      | Reached skill level 5 in Dodging
  7810 | D:8      | Reached skill level 8 in Armour
  7821 | D:8      | Killed Teewurst's ghost
  7824 | D:8      | Killed a tengu warrior
  7825 | D:8      | Reached skill level 5 in Fighting
  7828 | D:8      | Killed a two-headed ogre
  7829 | D:8      | Gained mutation: You have hoof-like feet. [demonic
                  | ancestry]
  7829 | D:8      | Reached XP level 11. HP: 66/80 MP: 14/14
  7839 | D:8      | Reached skill level 9 in Armour
  8304 | D:9      | Reached skill level 6 in Dodging
  8308 | D:9      | You pick up a book of Decay and begin reading...
  8308 | D:9      | You add the spells Corpse Rot, Dispel Undead and Death
                  | Channel to your library.
  8621 | D:9      | Found a staircase to the Orcish Mines.
  8672 | D:10     | Entered Level 10 of the Dungeon
  8730 | D:10     | Bought a pair of shimmering gloves for 294 gold pieces
  8730 | D:10     | Identified the +2 pair of gloves "Siryekkach" {Str+7 Dex-3}
                  | (You bought it in a shop on level 10 of the Dungeon)
  8782 | D:10     | Reached skill level 6 in Fighting
  9153 | D:10     | Reached skill level 10 in Armour
  9175 | D:10     | Found a staircase to the Lair.
  9199 | D:10     | Noticed a tengu warrior
  9201 | D:10     | Noticed a tengu warrior
  9202 | D:10     | Noticed a two-headed ogre
  9234 | D:10     | Killed a tengu warrior
  9305 | D:10     | Found Olaweosy's Antique Armour Shoppe.
  9306 | D:10     | Found Ikepyc's Antique Weapon Shop.
  9318 | D:10     | Bought an embroidered cloak for 232 gold pieces
  9395 | D:10     | Reached skill level 7 in Dodging
  9400 | D:10     | Reached skill level 7 in Fighting
  9581 | D:10     | Noticed Psyche
  9589 | D:10     | Killed Psyche
  9609 | D:10     | Noticed an ogre mage
  9609 | D:10     | Noticed a two-headed ogre
  9616 | D:10     | Killed a two-headed ogre
  9623 | D:10     | Killed a two-headed ogre
  9624 | D:10     | Reached skill level 11 in Armour
  9624 | D:10     | Noticed a two-headed ogre
  9629 | D:10     | Noticed a two-headed ogre
  9631 | D:10     | Killed an ogre mage
  9632 | D:10     | Gained mutation: Spells you cast and wands you use may
                  | paralyse nearby enemies. [demonic ancestry]
  9632 | D:10     | Reached XP level 12. HP: 69/91 MP: 15/15
  9647 | D:10     | Killed a two-headed ogre
  9653 | D:10     | Killed a two-headed ogre
  9890 | D:10     | Killed a tengu warrior
  9985 | D:10     | Noticed Erica
  9992 | D:10     | Killed Erica
  9993 | D:10     | Reached skill level 8 in Dodging
 10235 | D:10     | Reached skill level 1 in Evocations
 10273 | D:11     | Noticed a two-headed ogre
 10273 | D:11     | Noticed a six-headed hydra
 10281 | D:11     | Killed a two-headed ogre
 10293 | D:11     | Killed a six-headed hydra
 10294 | D:11     | Reached skill level 12 in Armour
 10294 | D:11     | Reached skill level 2 in Evocations
 10524 | D:11     | Noticed a two-headed ogre
 10532 | D:11     | Killed a two-headed ogre
 10542 | D:11     | Reached skill level 3 in Evocations
 11033 | D:11     | Reached skill level 4 in Evocations
 11290 | D:12     | Noticed a vault guard
 11311 | D:12     | Killed a vault guard
 11312 | D:12     | Reached skill level 8 in Short Blades
 11408 | D:12     | Found a portal to a secret trove of treasure.
 11414 | D:12     | This trove needs 6 scrolls of blinking to function. Give it
                  | the items?
 11435 | D:12     | Noticed an eight-headed hydra
 11457 | D:12     | Reached skill level 3 in Spellcasting
 11493 | D:12     | Killed an eight-headed hydra
 11522 | D:12     | HP: 16/91 [skeletal warrior[a skeletal warrior] (14)]
 11527 | D:12     | Noticed Kirke
 11535 | D:12     | Hit: i) +7 pair of quick blades "Gyre" and "Gimble"
                  | {protect, rare}
 11535 | D:12     | Hit: i) +7 pair of quick blades "Gyre" and "Gimble"
                  | {protect, rare}
 11550 | D:12     | HP: 20/91 [Kirke (13)]
 11554 | D:12     | Killed Kirke
 11942 | Lair:1   | Entered Level 1 of the Lair of Beasts
 11993 | Lair:1   | Reached skill level 4 in Spellcasting
 11993 | Lair:1   | Reached XP level 13. HP: 96/96 MP: 17/19
 12373 | Lair:1   | Reached skill level 9 in Short Blades
 12918 | Lair:2   | Noticed Prince Ribbit
 12945 | Lair:2   | Killed Prince Ribbit
 12989 | Lair:2   | Reached skill level 10 in Short Blades
 13163 | Lair:2   | Noticed Harold
 13173 | Lair:2   | Killed Harold
 13493 | Lair:2   | Found a staircase to the Shoals.
 14220 | Lair:3   | Reached skill level 11 in Short Blades
 14587 | Lair:3   | Found a hole to the Spider Nest.
 15340 | Lair:4   | Reached skill level 12 in Short Blades
 15362 | Lair:4   | Found a gate leading to a gauntlet.
 15366 | Gauntlet | Entered a Gauntlet
 15366 | Gauntlet | Found a transporter.
 15392 | Gauntlet | Found a transporter.
 15401 | Gauntlet | Found a runed translucent door.
 15406 | Gauntlet | Found a transporter.
 15412 | Gauntlet | Found a transporter.
 15416 | Gauntlet | Found a transporter.
 15433 | Gauntlet | Found a runed translucent door.
 15434 | Gauntlet | Found a transporter.
 15435 | Gauntlet | Found a runed translucent door.
 15445 | Gauntlet | Found a transporter.
 15456 | Gauntlet | Found a transporter.
 15470 | Gauntlet | Found a transporter.
 15479 | Gauntlet | Found a transporter.
 15481 | Gauntlet | Found a transporter.
 15538 | Gauntlet | Found a transporter.
 15538 | Gauntlet | Found a transporter.
 15551 | Gauntlet | Found a transporter.
 15800 | Gauntlet | Lost mutation: You are weak. (Str -2) [potion of mutation]
 15800 | Gauntlet | Lost mutation: You have a pair of small antennae on your
                  | head. [potion of mutation]
 15800 | Gauntlet | Gained mutation: [You are clumsy. (Dex -2)] [potion of
                  | mutation]
 15800 | Gauntlet | Gained mutation: You are robust. (+10% HP) [potion of
                  | mutation]
 15881 | Gauntlet | HP: 25/105 [poison (dark miasma)]
 15901 | Gauntlet | Identified the +4 hat "Fagearph" {Harm rElec rC- rN++}
 16061 | Gauntlet | Identified the +3 ring mail of Ublem {*Slow Str+4 Dex+3
                  | Slay-2}
 16061 | Gauntlet | Noticed a minotaur
 16082 | Gauntlet | Killed a minotaur
 16090 | Gauntlet | Identified the +10 scimitar "Voanask" {vorpal, rF+ Str+2
                  | Int-3 Dex+7}
 16091 | Gauntlet | You add the spells Malign Gateway and Summon Horrible
                  | Things to your library.
 16091 | Gauntlet | You add the spells Scorch, Swiftness, Starburst and Chain
                  | Lightning to your library.
 16091 | Gauntlet | Got Sif Muna's Guide on the Blaze and Lightness
 16096 | Gauntlet | Learned a level 3 spell: Swiftness
 16559 | Lair:4   | Reached skill level 1 in Air Magic
 17268 | Lair:5   | Reached skill level 2 in Air Magic
 17277 | Lair:5   | Gained mutation: You regenerate a little health from kills.
                  | [demonic ancestry]
 17277 | Lair:5   | Reached XP level 14. HP: 105/113 MP: 20/20
 17288 | Lair:5   | Reached skill level 13 in Short Blades
 17536 | Lair:5   | Found a staircase to the Slime Pits.
 17538 | Lair:5   | Noticed Sonja
 17549 | Lair:5   | Killed Sonja
 17550 | Lair:5   | Reached skill level 3 in Air Magic
 17668 | Lair:5   | You pick up a book of Lightning and begin reading...
 17668 | Lair:5   | You add the spells Static Discharge, Lightning Bolt and
                  | Maxwell's Capacitive Coupling to your library.
 17989 | Lair:6   | Entered Level 6 of the Lair of Beasts
 18211 | Lair:6   | Reached skill level 4 in Air Magic
 18537 | D:10     | Bought quicksilver dragon scales for 1860 gold pieces
 18537 | D:10     | M - quicksilver dragon scales {rare}
 18547 | D:10     | You finish putting on your quicksilver dragon scales
                  | {rare}.
 19130 | Lair:6   | Reached skill level 5 in Air Magic
 19142 | Lair:6   | Identified the +4 trident of Trog's Brutal Revenge {vorpal,
                  | Stlth+}
 19943 | Orc:1    | Entered Level 1 of the Orcish Mines
 19980 | Orc:1    | Reached skill level 14 in Short Blades
 20056 | Orc:1    | You fall into a shaft and drop 1 floor!
 20056 | Orc:2    | Entered Level 2 of the Orcish Mines
 20065 | Orc:2    | Reached skill level 6 in Air Magic
 20285 | Orc:2    | Found Plog's Assorted Antiques.
 20490 | Orc:1    | Noticed Erolcha
 20494 | Orc:1    | Killed Erolcha
 21089 | Orc:2    | Reached skill level 7 in Air Magic
 21155 | Orc:2    | Noticed Saint Roka
 21187 | Orc:2    | Killed Saint Roka
 21733 | Orc:2    | Found Aceudoiz's General Store.
 21764 | Orc:2    | Reached skill level 13 in Armour
 21911 | Orc:2    | Found Atexuypp's Antique Weapon Emporium.
 21928 | Orc:2    | Found Fonu's Antique Armour Emporium.
 21935 | Orc:2    | Bought a shimmering cloak for 228 gold pieces
 21935 | Orc:2    | Identified the +2 cloak of True Grit {rF- rCorr Str+6
                  | Slay+5} (You bought it in a shop on level 2 of the Orcish
                  | Mines)
 21954 | Orc:2    | Found Ikhaxt's Jewellery Emporium.
 22128 | Orc:2    | Found a shimmering altar of Xom.
 22143 | Orc:2    | Found a staircase to the Elven Halls.
 22314 | Orc:2    | Noticed an orc warlord
 22326 | Orc:2    | Killed an orc warlord
 22401 | D:9      | Bought a scroll of acquirement for 780 gold pieces
 22402 | D:9      | Acquired 1080 gold pieces
 22470 | D:11     | magus.rc [v1.11.2]
 22470 | D:11     | Upgraded the game from 0.28-a0-533-g9f97627e2a to
                  | 0.28-a0-536-g4f1c8046e5
 22470 | D:11     | magus.rc [v1.11.2]
 22492 | D:12     | Noticed a red very ugly thing
 22509 | D:12     | Killed a red very ugly thing
 22510 | D:12     | Gained mutation: You have hooves in place of feet. [demonic
                  | ancestry]
 22510 | D:12     | Reached XP level 15. HP: 102/118 MP: 16/21
 22563 | D:12     | Noticed Maurice
 22597 | D:12     | Killed Maurice
 22660 | D:12     | Reached skill level 14 in Armour
 23326 | D:13     | magus.rc [v1.11.2]
 23486 | D:13     | Found a gate to the Vaults.
 23581 | D:13     | Reached skill level 15 in Armour
 23724 | D:13     | Found Caemme Sute's General Store.
 23766 | D:13     | Bought a scroll of identify for 20 gold pieces
 23766 | D:13     | Bought a scroll of identify for 20 gold pieces
 25564 | D:15     | Entered Level 15 of the Dungeon
 25620 | D:15     | Found Gopyer's Assorted Antiques.
 25621 | D:15     | Noticed Josephine
 25626 | D:15     | Reached skill level 16 in Armour
 25640 | D:15     | Killed Josephine
 25658 | D:15     | Found Boul's Assorted Antiques.
 25692 | D:15     | Found Plog's Armour Boutique.
 25703 | D:15     | Found a flickering gateway to a bazaar.
 25709 | Bazaar   | Entered a bazaar
 25711 | Bazaar   | Found Iseisu's Weapon Boutique.
 25715 | Bazaar   | Found Owysk's Antique Armour Boutique.
 25715 | Bazaar   | Found Giagixa's Weapon Boutique.
 25716 | Bazaar   | Found Pedghin's Antique Weapon Boutique.
 25775 | D:15     | Found a staircase to the Depths.
 26735 | Elf:1    | Entered Level 1 of the Elven Halls
 26764 | Elf:1    | Gained mutation: Your hexes are more powerful. [demonic
                  | ancestry]
 26764 | Elf:1    | Reached XP level 16. HP: 72/126 MP: 17/22
 26994 | Elf:1    | Reached skill level 17 in Armour
 27346 | Elf:1    | Paralysed by an air elemental for 1 turns
 27423 | Elf:1    | Found an ancient bone altar of Kikubaaqudgha.
 27489 | Elf:1    | You pick up a book of Changes and begin reading...
 27489 | Elf:1    | You add the spells Beastly Appendage, Wereblood and Spider
                  | Form to your library.
 27994 | Elf:1    | Noticed Asterion
 28005 | Elf:1    | Killed Asterion
 28044 | Elf:1    | Paralysed by an air elemental for 1 turns
 28048 | Elf:1    | Reached skill level 18 in Armour
 28206 | Elf:2    | Noticed Louise
 28231 | Elf:2    | Killed Louise
 28302 | Elf:2    | a +6 eveningstar of draining {rare}; a +0 plate armour
 28365 | Elf:2    | You add the spells Summon Forest, Eringya's Noxious Bog and
                  | Summon Hydra to your library.
 28452 | Elf:2    | Found a runed translucent gate.
 28452 | Elf:2    | Found a runed translucent gate.
 28452 | Elf:2    | Found a runed translucent gate.
 28587 | D:9      | Bought a scroll of blinking for 112 gold pieces
 28587 | D:9      | Bought a scroll of blinking for 112 gold pieces
 28677 | D:12     | This trove needs 6 scrolls of blinking to function. Give it
                  | the items?
 28677 | D:12     | You paid a toll of 6 scrolls of blinking to enter a
                  | treasure trove
 28678 | Trove    | Entered a treasure trove
 28700 | Trove    | You add the spells Sublimation of Blood and Gell's Gravitas
                  | to your library.
 28700 | Trove    | Got Sif Muna's Papyrus of Evil Translocation
 28706 | Trove    | You pick up a book of the Sky and begin reading...
 28706 | Trove    | You add the spells Summon Lightning Spire and Storm Form to
                  | your library.
 28716 | Trove    | Learned a level 7 spell: Storm Form
 28724 | Trove    | You add the spells Call Imp and Dragon's Call to your
                  | library.
 28724 | Trove    | Got Sif Muna's Reference Book on the Entourage
 28730 | Trove    | You pick up a book of the Sky and begin reading...
 28733 | Trove    | You add the spells Pain, Hailstorm and Freezing Cloud to
                  | your library.
 28733 | Trove    | Got Otiwnef's Handbook of the Dark Frostbite
 28736 | Trove    | You pick up a book of Storms and begin reading...
 28750 | Trove    | You add the spells Tukima's Dance, Passage of Golubria and
                  | Yara's Violent Unravelling to your library.
 28762 | Trove    | You pick up a book of the Dragon and begin reading...
 28762 | Trove    | You add the spells Cause Fear and Dragon Form to your
                  | library.
 28777 | D:12     | magus.rc [v1.11.2]
 29639 | Elf:2    | HP: 29/126 [+2 short sword of venom (12)]
 29645 | Elf:2    | Reached skill level 19 in Armour
 30201 | Elf:2    | You are cast into the Abyss!
 30201 | Elf:2    | Cast into level 2 of the Abyss (+1 glaive of distortion)
 30201 | Abyss:2  | Found a corrupted altar of Lugonu.
 30245 | Abyss:3  | Found a corrupted altar of Lugonu.
 30259 | Abyss:3  | magus.rc [v1.11.2]
 30348 | Abyss:3  | Noticed a tentacled starspawn
 30353 | Abyss:3  | HP: 12/92 [black draconian annihilator/bolt of lightning
                  | (18)]
 30355 | Abyss:3  | Killed from afar by a black draconian annihilator

Vanquished Creatures
  Saint Roka (Orc:2)
  Asterion (Elf:1)
  Kirke (D:12)
  An orc warlord (Orc:2)
  A deep elf sorcerer (Elf:1)
  Louise (Elf:2)
  An ironbound preserver (D:13)
  A very ugly thing (D:12)
  A minotaur (Gauntlet)
  A dire elephant (D:15)
  A deep elf annihilator (Elf:1)
  Josephine (D:15)
  Harold (Lair:2)
  A vault guard (D:12)
  Erolcha (Orc:1)
  8 hydras
  A deep elf high priest (Elf:1)
  An ogre mage (D:10)
  2 boulder beetles
  A death knight (D:13)
  Erica (D:10)
  7 two-headed ogres
  4 centaur warriors
  A merfolk avatar (Lair:6)
  3 orc high priests
  3 tengu warriors
  The ghost of Teewurst the Ducker, a novice OpBe of Trog (D:8)
  Sonja (Lair:5)
  7 deep elf knights
  14 skeletal warriors
  A death drake (Gauntlet)
  4 orc knights
  A deep elf archer (Elf:1)
  A phantasmal warrior (D:13)
  An orange crystal statue (D:10)
  3 wizards
  A spectral wolf spider (Gauntlet)
  A harpy (shapeshifter) (Elf:1)
  18 deep elf pyromancers
  2 orc sorcerers
  17 deep elf zephyrmancers
  A wolf spider zombie (Gauntlet)
  5 manticores
  An orb spider (shapeshifter) (D:13)
  7 ugly things
  A salamander (D:15)
  6 elephants (Lair:6)
  7 cyclopes
  Maurice (D:12)
  2 black mambas
  14 cane toads
  2 gargoyles
  A torpor snail (shapeshifter) (Elf:1)
  A rime drake (Lair:6)
  Psyche (D:10)
  3 kobold demonologists
  An unseen horror (shapeshifter) (D:15)
  3 freezing wraiths
  18 komodo dragons
  A tengu conjurer (D:13)
  6 trolls
  2 polar bears
  3 wind drakes (Lair:6)
  A queen bee (Orc:1)
  A hornet (shapeshifter) (D:14)
  3 hornets
  10 blink frogs
  19 slime creatures
  Prince Ribbit (Lair:2)
  A snapping turtle (Lair:6)
  5 dream sheep (Lair:5)
  2 vampires
  7 air elementals
  10 wyverns
  8 wraiths
  51 yaks
  A human (shapeshifter) (D:15)
  3 basilisks
  A shadow (D:12)
  2 water elementals (Elf:1)
  3 fire elementals (Elf:1)
  3 hogs (D:12)
  4 steam dragons
  Menkaure (D:5)
  8 vampire mosquitoes
  2 swamp worms (Gauntlet)
  4 wargs (Orc:2)
  A water moccasin (shapeshifter) (Elf:2)
  A nameless horror (Elf:1)
  31 orc warriors
  21 water moccasins
  An ice beast (D:8)
  5 black bears
  3 sky beasts
  A necrophage (D:6)
  11 ogres
  20 wolves
  4 centaurs
  5 kobold brigands
  Blork the orc (D:4)
  3 gnoll sergeants
  10 bullfrogs
  4 scorpions
  A wyvern zombie (D:8)
  3 earth elementals
  31 killer bees
  A water moccasin skeleton (D:5)
  5 wights
  8 howler monkeys
  3 jellies
  An electric eel (Lair:2)
  3 bullfrog zombies
  7 centaur zombies
  6 hounds
  A quasit (Abyss:3)
  16 orc priests
  2 centaur skeletons
  A bullfrog skeleton (D:7)
  25 orc wizards
  6 iguanas
  4 hell rats (Lair:6)
  2 killer bee zombies (D:8)
  A howler monkey zombie (D:8)
  12 gnolls
  A howler monkey skeleton (D:5)
  14 adders
  8 worms
  3 dart slugs
  74 orcs
  6 bats
  5 endoplasms
  5 giant cockroaches
  5 goblins
  8 hobgoblins
  7 jackals (D:1)
  19 kobolds
  5 quokkas
  11 ball pythons
  4 frilled lizards
  A jackal skeleton (D:4)
  8 rats
803 creatures vanquished.

Vanquished Creatures (collateral kills)
  3 ugly things (D:12)
3 creatures vanquished.

Vanquished Creatures (others)
  17 dancing weapons
  A chaos spawn (Abyss:3)
  A small abomination (Abyss:3)
  2 orcs
  A bush (Elf:2)
  21 fungi
  55 plants
  2 starspawn tentacles (Abyss:3)
100 creatures vanquished.

Grand Total: 906 creatures vanquished

Table legend:
 A = Non-vault XP
 B = Vault XP
 C = Vault XP percentage of total XP
 D = Non-vault monster count
 E = Vault monster count
 F = Vault count percentage of total count
                 A         B        C        D         E       F
            +---------+---------+-------+---------+---------+-------
      Total |  123420 |   78956 |  39.0 |     561 |     261 |  31.8
            +---------+---------+-------+---------+---------+-------
        D:1 |      51 |       4 |   7.3 |      27 |       2 |   6.9
        D:2 |      79 |      14 |  15.1 |      20 |       8 |  28.6
        D:3 |      43 |      20 |  31.7 |      10 |       5 |  33.3
        D:4 |     529 |      94 |  15.1 |      20 |       1 |   4.8
        D:5 |     546 |     732 |  57.3 |      11 |      15 |  57.7
        D:6 |    1313 |       0 |   0.0 |      25 |       0 |   0.0
        D:7 |    1676 |       0 |   0.0 |      23 |       0 |   0.0
        D:8 |    2286 |    4614 |  66.9 |      28 |      25 |  47.2
        D:9 |    1865 |       0 |   0.0 |      16 |       0 |   0.0
       D:10 |    9015 |    3757 |  29.4 |      34 |      13 |  27.7
       D:11 |    6575 |       0 |   0.0 |      16 |       0 |   0.0
       D:12 |   12641 |    9149 |  42.0 |      40 |      15 |  27.3
       D:13 |    6575 |    5817 |  46.9 |      13 |      12 |  48.0
       D:14 |    7492 |       0 |   0.0 |      15 |       0 |   0.0
       D:15 |    9029 |    3766 |  29.4 |      15 |       8 |  34.8
     Lair:1 |    4261 |       0 |   0.0 |      17 |       0 |   0.0
     Lair:2 |    3760 |    3016 |  44.5 |      14 |      11 |  44.0
     Lair:3 |    5523 |     303 |   5.2 |      27 |       9 |  25.0
     Lair:4 |    3002 |       0 |   0.0 |      11 |       0 |   0.0
     Lair:5 |    5253 |     776 |  12.9 |      20 |       1 |   4.8
     Lair:6 |   10695 |    4196 |  28.2 |      37 |      13 |  26.0
      Orc:1 |    1900 |    5208 |  73.3 |      44 |      39 |  47.0
      Orc:2 |    2416 |    7832 |  76.4 |      24 |      40 |  62.5
      Elf:1 |   16328 |   10467 |  39.1 |      30 |      15 |  33.3
      Elf:2 |    9422 |   14842 |  61.2 |      19 |      19 |  50.0
    Abyss:3 |     603 |       0 |   0.0 |       3 |       0 |   0.0
   Gauntlet |     542 |    4349 |  88.9 |       2 |      10 |  83.3
            +---------+---------+-------+---------+---------+-------

Illustrated notes

Table legend:
 A = Kills in this place as a percentage of kills in entire the game.
 B = Kills by you in this place as a percentage of kills by you in the entire game.
 C = Kills by friends in this place as a percentage of kills by friends in the entire game.
 D = Other kills in this place as a percentage of other kills in the entire game.
 E = Experience gained in this place as a percentage of experience gained in the entire game.
 F = Experience gained in this place divided by the number of levels of this place that you have seen.
                   A       B       C       D       E      F
               +-------+-------+-------+-------+-------+----------------------
         Total | 100.0 | 100.0 | 100.0 | 100.0 | 100.0 | 6528.3
       Dungeon |  50.7 |  51.6 | 100.0 |   0.0 |  43.3 | 5845.5
          Lair |  19.5 |  20.0 |   0.0 |   0.0 |  20.2 | 6797.5
  Orcish Mines |  17.9 |  18.3 |   0.0 |   0.0 |   8.6 | 8678.0
   Elven Halls |  10.1 |   8.2 |   0.0 | 100.0 |  25.2 | 25529.5
         Abyss |   0.4 |   0.4 |   0.0 |   0.0 |   0.3 | 301.5
      Gauntlet |   1.5 |   1.5 |   0.0 |   0.0 |   2.4 | 4891.0
               +-------+-------+-------+-------+-------+----------------------

Table legend: (Time is in decaauts)
 A = Elapsed time spent in this place.
 B = Non-inter-level travel time spent in this place.
 C = Inter-level travel time spent in this place.
 D = Time resting spent in this place.
 E = Time spent auto-exploring this place.
 F = Levels seen in this place.
 G = Mean time per level.
                   A        B        C        D        E       F      G
               +--------+--------+--------+--------+--------+-----+--------+
         Total |  28565 |  26272 |   2293 |   2660 |  18570 |  31 |  921.5 |
       Dungeon |  15652 |  14541 |   1111 |   1158 |  10653 |  15 | 1043.5 |
        Temple |    141 |    113 |     28 |      0 |    100 |   1 |  141.0 |
          Lair |   6542 |   5765 |    777 |    537 |   4474 |   6 | 1090.3 |
  Orcish Mines |   2230 |   2050 |    180 |    292 |   1172 |   2 | 1115.0 |
   Elven Halls |   2894 |   2699 |    195 |    673 |   1609 |   2 | 1447.0 |
         Abyss |    148 |    148 |      0 |      0 |      8 |   2 |   74.0 |
        Bazaar |     32 |     32 |      0 |      0 |     27 |   1 |   32.0 |
         Trove |     97 |     97 |      0 |      0 |     18 |   1 |   97.0 |
      Gauntlet |    825 |    825 |      0 |      0 |    508 |   1 |  825.0 |
               +--------+--------+--------+--------+--------+-----+--------+

Top non-repeatable levels by time:
    D:10: 1632 daAuts
   Elf:1: 1452 daAuts
   Elf:2: 1442 daAuts
    D:12: 1358 daAuts
    D:14: 1344 daAuts
  Lair:2: 1315 daAuts
     D:1: 1309 daAuts
  Lair:6: 1269 daAuts
   Orc:2: 1261 daAuts
  Lair:3: 1151 daAuts
  Lair:1: 1105 daAuts
     D:4: 1100 daAuts
     D:8: 1047 daAuts
     D:5: 1042 daAuts
    D:11: 1013 daAuts
